 Dungeon Crawl Stone Soup version 0.29.1-15-g9cfb28693d (webtiles) character file.

Game seed: 2016553275476287241

980 Arctor the Magician (level 7, 0/36 HPs)
             Began as a Deep Elf Fire Elementalist on Mar 1, 2023.
             Slain by an orc warrior
             ... wielding a +0 battleaxe
              (8 damage)
             ... on level 6 of the Dungeon.
             The game lasted 00:07:13 (7065 turns).

Arctor the Magician (Deep Elf Fire Elementalist)    Turns: 7065, Time: 00:07:14

Health: 0/36       AC:  8    Str:  5    XL:     7   Next: 96%
Magic:  1/18       EV: 14    Int: 28    God:
Gold:   193        SH:  0    Dex: 15    Spells: 12/18 levels left

rFire   . . .      SeeInvis .   s - +2 dagger (venom)
rCold   . . .      Faith    .   (no shield)
rNeg    . . .      Spirit   .   a - +0 robe
rPois   .          Reflect  .   (no helmet)
rElec   .          Harm     .   (no cloak)
rCorr   .          Rampage  .   i - +0 pair of gloves
Will    .....                   c - +0 pair of boots
Stlth   +++.......              (no amulet)
HPRegen 0.12/turn               m - +6 ring of intelligence
MPRegen 0.16/turn               d - +4 ring of protection

@: no status effects
A: no striking features
a: no special abilities


You were on level 6 of the Dungeon.
You visited 1 branch of the dungeon, and saw 6 of its levels.

You collected 193 gold pieces.

Inventory:

Hand Weapons
 q - a +0 dagger of flaming
 s - a +2 dagger of venom (weapon)
Armour
 a - a +0 robe (worn)
 c - a +0 pair of boots (worn)
 g - an orb of guile
 i - a +0 pair of gloves (worn)
Jewellery
 d - a +4 ring of protection (right hand)
 m - a +6 ring of intelligence (left hand)
Wands
 f - a wand of charming (5)
 w - a wand of iceblast (7)
Scrolls
 k - a scroll of noise
 l - 2 scrolls of teleportation
 t - a scroll of magic mapping
 x - a scroll of amnesia
Potions
 b - a potion of magic
 e - a potion of curing
 h - a potion of invisibility
 o - a potion of lignification {unknown}
 p - a potion of might {unknown}
 r - a potion of heal wounds
 v - a potion of flight {unknown}


   Skills:
 + Level 5.4 Dodging
 + Level 5.8 Stealth
 + Level 6.1 Spellcasting
 + Level 4.4 Conjurations
 + Level 5.5 Fire Magic


You had 12 spell levels left.
You knew the following spells:

 Your Spells              Type           Power      Damage    Failure   Level
a - Foxfire               Conj/Fire      100%       2x1d9     1%          1
b - Scorch                Fire           78%        2d8       1%          2
c - Conjure Flame         Conj/Fire      36%        6-21      2%          3

Your spell library contained the following spells:

 Spells                   Type           Power      Damage    Failure   Level
 Inner Flame              Hex/Fire       24%        N/A       6%          3
 Flame Wave               Conj/Fire      36%        2d10      8%          4


Dungeon Overview and Level Annotations

Branches:
Dungeon (6/15)
 Temple: D:4-7

Altars:
Fedhas
Hepliaklqana
Kikubaaqudgha
Okawaru

Shops:
D:3 !


Message History

The orc warrior is moderately wounded.
The orc warrior's fire resistance burns away.
The foxfire hits the orc warrior but does no damage.
The orc warrior is moderately wounded.
The foxfire hits the orc warrior.
The orc warrior is moderately wounded.
The orc warrior hits you with a +0 battleaxe.
Casting: Scorch (safe; 1% risk of failure)
Confirm with . or Enter, or press ? or * to list all spells.
Flames lash the orc warrior but do no damage.
The orc warrior hits you with a +0 battleaxe!
Casting: Scorch (safe; 1% risk of failure)
Confirm with . or Enter, or press ? or * to list all spells.
Flames lash the orc warrior.
The orc warrior is burned terribly!
The orc warrior is heavily wounded.
The orc warrior misses you.
Casting: Scorch (safe; 1% risk of failure)
Confirm with . or Enter, or press ? or * to list all spells.
Flames lash the orc warrior but do no damage.
The orc warrior completely misses you.
Casting: Scorch (safe; 1% risk of failure)
Confirm with . or Enter, or press ? or * to list all spells.
Flames lash the orc warrior but do no damage.
The orc warrior closely misses you.
Casting: Scorch (safe; 1% risk of failure)
Confirm with . or Enter, or press ? or * to list all spells.
Flames lash the orc warrior.
The orc warrior is burned terribly!
The orc warrior is almost dead.
The orc warrior hits you with a +0 battleaxe!
* * * LOW HITPOINT WARNING * * *
Casting: Scorch (safe; 1% risk of failure)
Confirm with . or Enter, or press ? or * to list all spells.
Flames lash the orc warrior.
The orc warrior is burned terribly!
The orc warrior is almost dead.
The orc warrior barely misses you.
Casting: Scorch (safe; 1% risk of failure)
Confirm with . or Enter, or press ? or * to list all spells.
You conjure some foxfire!
The orc warrior hits you with a +0 battleaxe!
You die...

.## ..##### .
#.......#
##...ยง....
##.<.##....
##<.........
##.v.........
#..v@........
##..o........
#.##.........
#. .....)....
#..####..)...
#.. ##.... #.
#... ## ...


You could see an orc warrior (combustible, ally target).

Vanquished Creatures
  An ice beast (D:5)
  2 black bears (D:5)
  An ogre (D:5)
  A phantom (D:5)
  A scorpion (D:5)
  A howler monkey (D:5)
  A jelly (D:4)
  An orc priest (D:6)
  2 hounds
  A gnoll bouda (D:5)
  Ijyb (D:4)
  An iguana (D:5)
  4 gnolls (D:5)
  11 adders
  A shadow imp (D:5)
  A white imp (D:5)
  2 ufetubi (D:5)
  A worm (D:4)
  4 dart slugs
  4 orcs
  3 bats
  9 endoplasms
  2 giant cockroaches
  7 goblins
  6 hobgoblins
  4 jackals (D:3)
  8 kobolds
  A quokka (D:1)
  11 ball pythons
  3 frilled lizards
  2 rats
  A spectral kobold (D:3)
99 creatures vanquished.

Vanquished Creatures (others)
  391 foxfires
391 creatures vanquished.

Grand Total: 490 creatures vanquished

Notes
Turn   | Place    | Note
-------+----------+-------------------------------------------
     0 | D:1      | Arctor the Deep Elf Fire Elementalist began the quest for
                  | the Orb.
     0 | D:1      | Reached XP level 1. HP: 10/10 MP: 6/6
   752 | D:1      | Reached XP level 2. HP: 15/15 MP: 5/8
  1407 | D:1      | Found a faded altar of an unknown god.
  1893 | D:2      | Identified the +5 hand axe of the Chain {vorpal, rPois rF-
                  | rCorr}
  2125 | D:2      | Reached XP level 3. HP: 17/19 MP: 5/9
  2699 | D:2      | Reached XP level 4. HP: 24/24 MP: 8/11
  3142 | D:3      | Found Nuotel Ibla's Distillery.
  3626 | D:3      | Reached skill level 4 in Spellcasting
  3932 | D:3      | Found a hazy altar of Hepliaklqana.
  4090 | D:3      | Found an iron altar of Okawaru.
  4538 | D:4      | Reached XP level 5. HP: 28/28 MP: 5/13
  5172 | D:4      | Noticed Ijyb
  5177 | D:4      | Killed Ijyb
  5483 | D:4      | Learned a level 3 spell: Conjure Flame
  5486 | D:4      | Learned a level 2 spell: Scorch
  5494 | D:5      | Entered Level 5 of the Dungeon
  5506 | D:5      | Noticed an ice beast
  5511 | D:5      | Killed an ice beast
  5512 | D:5      | Reached XP level 6. HP: 32/32 MP: 4/15
  5657 | D:5      | Reached skill level 5 in Spellcasting
  6003 | D:5      | Reached skill level 5 in Stealth
  6003 | D:5      | Reached XP level 7. HP: 36/36 MP: 3/17
  6016 | D:5      | Reached skill level 5 in Fire Magic
  6266 | D:5      | Found an ancient bone altar of Kikubaaqudgha.
  6267 | D:5      | Found a blossoming altar of Fedhas.
  6281 | D:5      | Reached skill level 5 in Dodging
  6704 | D:5      | Reached skill level 6 in Spellcasting
  7065 | D:6      | Slain by an orc warrior

Illustrated notes

Levels and vault maps discovered:
D:1:      saegor_arrival_simple_d, layout_basic,
          shapermc_ecumenical_altar_rom_forum, minivault_24
D:2:      layout_basic, kennysheep_generic_room_5
D:3:      layout_loops_ring, kennysheep_okawaru_gauntlet,
          nicolae_hepliaklqana_monster_ancestors, serial_shops, shop
D:4:      layout_basic, uniq_ijyb
D:5:      layout_basic, grunt_temple_overflow_growth_and_decay
D:6:      layout_layer_cave, general_overflow_altar, minmay_gold_behind_fungi,
          nicolae_kite_square_tiling_tiny, minmay_misc_feat_columns, uniq_edmund

Skill      XL: |  1  2  3  4  5  6  7 |
---------------+----------------------+-----
Stealth        | 3 4 5 |  5.8
Dodging        | 3 4 5 |  5.4
Conjurations   | 2 3 4 |  4.4
Spellcasting   | 4 5 6 |  6.1
Fire Magic     | 4 5 |  5.5

Action                   |  1- 3 |  4- 6 |  7- 9 || total
-------------------------+-------+-------+-------++-------
Melee: Unarmed           |     7 |       |       ||     7
       Dagger            |       |    52 |     8 ||    60
       Punch             |       |     1 |       ||     1
 Cast: Foxfire           |   118 |   110 |    16 ||   244
       Scorch            |       |    22 |    22 ||    44
  Use: Scroll            |     3 |    11 |     3 ||    17
       Potion            |       |     2 |     1 ||     3
 Stab: Sleeping          |       |     3 |       ||     3
       Distracted        |       |     1 |       ||     1
Armor: Robe              |     5 |    27 |     8 ||    40
Dodge: Dodged            |    10 |    60 |    18 ||    88
